 Dungeon Crawl Stone Soup version 0.32-a0-418-g34023cf50c (webtiles) character file.

Game seed: 10793636952923906098

1558949 EnegeticOcto the Vampiric Mishap (level 26, 177/177 HPs)
             Began as a Vampire Ice Elementalist on Feb 20, 2024.
             Was an Initiate of Qazlal.
             Escaped with the Orb
             ... and 3 runes on Feb 21, 2024!
             The game lasted 02:44:21 (78702 turns).

EnegeticOcto the Vampiric Mishap (VpIE)            Turns: 78702, Time: 02:44:21

Health: 177/177    AC: 17    Str:  6    XL:     26   Next: 2%
Magic:  39/39      EV: 36    Int: 28    God:    Qazlal [......]
Gold:   5345       SH:  9    Dex: 30    Spells: 11/49 levels left

rFire   + + .        P - +12 rapier of Qipapt {freeze, rF+ rC+}
rCold   + + +        u - +0 buckler of Intuition {Rampage Will- Dex+7}
rNeg    + + +        H - +2 robe of Liott {rElec rCorr Int+3 Stlth+}
rPois   ∞            o - +2 helmet
rElec   +            v - +2 cloak "Ihosulel" {Str+2 Int+3}
rCorr   +            l - +2 pair of gloves {Stlth+}
SInv    +            a - +2 pair of boots
Will    +++++        Y - amulet "Teorann" {RegenMP Will+++ Str-3 Slay+6}
Stlth   +++          t - ring "Niwishriki" {rF+ Will++ Dex-3 Slay+5}
HPRegen 0.49/turn    i - +9 ring of slaying
MPRegen 0.66/turn

%: rampage
@: bloodless, studying 2 skills
A: bloodless, fangs 3, see invisible, vampiric 2, agile 1, clever 1, deformed
body, deterioration 1, persistent drain
0: Orb of Zot
}: 3/15 runes: serpentine, barnacled, silver
a: Bat Form, Revivify, Renounce Religion


You escaped.
You worshipped Qazlal.
Qazlal was noncommittal.
You visited 11 branches of the dungeon, and saw 51 of its levels.
You also visited: Ice Cave.

You collected 11579 gold pieces.
You spent 6234 gold pieces at shops.

Inventory:

Hand Weapons
 P - the +12 rapier of Qipapt (weapon) {freeze, rF+ rC+}
   (You found it on level 10 of the Dungeon)

   rF+:       It protects you from fire.
   rC+:       It protects you from cold.
Missiles
 w - 3 throwing nets {!f}
 K - 3 curare-tipped darts
Armour
 a - a +2 pair of boots (worn)
   (You found it on level 2 of the Shoals)
 l - a +2 pair of gloves of stealth (worn)
   (You found it on level 3 of the Elven Halls)
 o - a +2 helmet (worn)
   (You found it on level 3 of the Dungeon)
 u - the +0 buckler of Intuition (worn) {Rampage Will- Dex+7}
   (You acquired it on level 1 of the Depths)

   Dex+7:     It affects your dexterity (+7).
   Will-:     It decreases your willpower.
   Rampage:   It bestows one free step when moving towards enemies.
 v - the +2 cloak "Ihosulel" (worn) {Str+2 Int+3}
   (You found it on level 3 of the Depths)

   Str+2:     It affects your strength (+2).
   Int+3:     It affects your intelligence (+3).
 H - the +2 robe of Liott (worn) {rElec rCorr Int+3 Stlth+}
   (You took it off Boris on level 15 of the Dungeon)

   Int+3:     It affects your intelligence (+3).
   rElec:     It insulates you from electricity.
   rCorr:     It protects you from acid and corrosion.
   Stlth+:    It makes you more stealthy.
Jewellery
 i - a +9 ring of slaying (right hand)
   (You bought it in a shop on level 3 of the Dungeon)
 t - the ring "Niwishriki" (left hand) {rF+ Will++ Dex-3 Slay+5}
   (You found it on level 5 of the Vaults)

   [ring of protection from fire]

   Dex-3:     It affects your dexterity (-3).
   Slay+5:    It affects your accuracy & damage with ranged weapons and melee
   (+5).
   rF+:       It protects you from fire.
   Will++:    It greatly increases your willpower.
 y - the ring of Liureirch {rElec rF++ Will+ Str+3 Dex-4}
   (You took it off a deep elf death mage on level 3 of the Elven Halls)

   [ring of willpower]

   Str+3:     It affects your strength (+3).
   Dex-4:     It affects your dexterity (-4).
   rF++:      It greatly protects you from fire.
   rElec:     It insulates you from electricity.
   Will+:     It increases your willpower.
 G - the ring of Aptar {rF+ Will++ rCorr Dex-2 SInv}
   (You found it on level 3 of the Elven Halls)

   [ring of see invisible]

   Dex-2:     It affects your dexterity (-2).
   rF+:       It protects you from fire.
   Will++:    It greatly increases your willpower.
   SInv:      It lets you see invisible.
   rCorr:     It protects you from acid and corrosion.
 O - the amulet of the Priest {Faith Regen+}
   (You bought it in a shop on level 3 of the Dungeon)

   [amulet of faith]

   Faith:     It allows you to gain divine favour quickly.
   Regen+:    It increases your rate of health regeneration.
 V - the ring "Bacrypaph" {Wiz rPois Str-3 Dex+2}
   (You found it on level 4 of the Lair of Beasts)

   [ring of wizardry]

   Wiz:       It improves your spell success rate.
   Str-3:     It affects your strength (-3).
   Dex+2:     It affects your dexterity (+2).
   rPois:     It protects you from poison
 Y - the amulet "Teorann" (around neck) {RegenMP Will+++ Str-3 Slay+6}
   (You bought it in a shop on level 2 of the Depths)

   [amulet of magic regeneration]

   RegenMP:   It increases your rate of magic regeneration.
   Str-3:     It affects your strength (-3).
   Slay+6:    It affects your accuracy & damage with ranged weapons and melee
   (+6).
   Will+++:   It greatly increases your willpower.
Wands
 h - a wand of roots (36) {@v2}
   (You found it on level 6 of the Dungeon)
 z - a wand of digging (14) {@v3}
   (You found it on level 1 of the Snake Pit)
 C - a wand of paralysis (88)
   (You found it on level 6 of the Dungeon)
 J - a wand of mindburst (26)
   (You took it off a gnoll on level 9 of the Dungeon)
 S - a wand of acid (44) {@v1}
   (You found it on level 1 of the Lair of Beasts)
 X - a wand of polymorph (27)
   (You took it off Maurice on level 12 of the Dungeon)
Scrolls
 c - a scroll of revelation {@r5 !r}
 k - 6 scrolls of blinking {@r4}
 m - 8 scrolls of fog {!r}
 r - 9 scrolls of fear {!r}
 A - 7 scrolls of vulnerability
 B - 3 scrolls of torment
 D - 16 scrolls of teleportation {@r3 !r}
 F - 2 scrolls of summoning {!r}
 M - 7 scrolls of poison {!r}
 N - 9 scrolls of immolation
 R - 2 scrolls of enchant armour
 Z - 3 scrolls of silence {!r}
Potions
 b - 7 potions of magic
 d - 5 potions of might {@q3 !q}
 e - 5 potions of resistance
 f - 13 potions of heal wounds {@q2 !q}
 j - 4 potions of invisibility
 n - 6 potions of haste {@q4 !q}
 p - 13 potions of enlightenment
 q - 26 potions of curing {@q1 !q}
 s - 4 potions of lignification {@q6}
 x - 6 potions of brilliance
 E - 6 potions of attraction
 I - 5 potions of mutation
 L - 6 potions of cancellation
 T - 2 potions of ambrosia
 U - 6 potions of berserk rage
Miscellaneous
 g - a sack of spiders
   (You found it on level 4 of the Shoals)
 Q - a tin of tremorstones (2/2)
   (You found it on level 3 of the Vaults)
 W - a phantom mirror
   (You found it on level 5 of the Vaults)


   Skills:
 + Level 21.1 Fighting
 - Level 14.0 Short Blades
 - Level 9.1 Armour
 + Level 21.5 Dodging
 - Level 7.4 Stealth
 - Level 13.0 Shields
 + Level 12.4 Spellcasting
 - Level 4.0 Conjurations
 - Level 22.0 Hexes
 - Level 4.0 Summonings
 - Level 8.0 Ice Magic
 - Level 8.0 Air Magic
 - Level 22.1 Invocations
 - Level 3.0 Evocations


You had 11 spell levels left.
You knew the following spells:

 Your Spells              Type           Power      Damage    Failure   Level
a - Airstrike             Air            29%        2d(5-21)  1%          4
b - Enfeeble              Hex            48%        N/A       1%          7
c - Ozocubu's Armour      Ice            58%        N/A       1%          3
d - Confusing Touch       Hex            96%        N/A       0%          3
e - Mephitic Cloud        Conj/Alch/Air  39%        N/A       2%          3
f - Discord               Hex            48%        N/A       3%          8
x - Yara's Violent Unrav  Hex/Alch       34%        3d14      1%          5
N - Silence               Hex/Air        39%        N/A       1%          5

Your spell library contained the following spells:

 Spells                   Type           Power      Damage    Failure   Level
 Slow                     Hex            100%       N/A       0%          1
 Jinxbite                 Hex            100%       N/A       0%          2
 Sigil of Binding         Hex            96%        N/A       0%          3
 Tukima's Dance           Hex            96%        N/A       0%          3
 Cause Fear               Hex            48%        N/A       0%          4
 Foxfire                  Conj/Fire      100%       2x1d9     1%          1
 Freeze                   Ice            100%       1d10      1%          1
 Kiss of Death            Conj/Necr      100%       2d13      1%          1
 Sting                    Conj/Alch      100%       1d9       1%          1
 Summon Small Mammal      Summ           100%       N/A       1%          1
 Call Imp                 Summ           78%        N/A       1%          2
 Cigotuvi's Dreadful Rot  Necr/Alch/Air  64%        N/A       1%          2
 Mercury Vapours          Alch/Air       78%        N/A       1%          2
 Static Discharge         Conj/Air       100%       3-8/arc   1%          2
 Dazzling Flash           Conj/Hex       100%       N/A       1%          3
 Frozen Ramparts          Ice            100%       1d16      1%          3
 Hailstorm                Conj/Ice       50%        3d10      1%          3
 Inner Flame              Hex/Fire       68%        N/A       1%          3
 Summon Ice Beast         Ice/Summ       50%        N/A       1%          3
 Anguish                  Hex/Necr       34%        N/A       1%          4
 Dimensional Bullseye     Hex/Tloc       34%        N/A       1%          4
 Metabolic Englaciation   Hex/Ice        39%        N/A       1%          5
 Summon Mana Viper        Hex/Summ       74%        N/A       1%          5
 Call Canine Familiar     Summ           39%        N/A       2%          3
 Summon Lightning Spire   Summ/Air       50%        N/A       3%          4
 Apportation              Tloc           34%        N/A       4%          1
 Necrotise                Necr           68%        1d7       4%          1
 Lesser Beckoning         Tloc           34%        N/A       6%          2
 Sublimation of Blood     Necr           17%        N/A       6%          2
 Vhi's Electric Charge    Tloc/Air       78%        N/A       8%          4
 Freezing Cloud           Conj/Ice/Air   26%        6-21      8%          5
 Arcjolt                  Conj/Air       25%        1d35      10%         5
 Gell's Gravitas          Tloc           17%        N/A       12%         3
 Teleport Other           Tloc           17%        N/A       12%         3
 Vampiric Draining        Necr           17%        2d7       12%         3
 Volatile Blastmotes      Fire/Tloc      34%        2d12      12%         3
 Flame Wave               Conj/Fire      28%        2d9       19%         4
 Fulminant Prism          Conj/Alch      14%        3d9       19%         4
 Iskenderun's Mystic Bla  Conj/Tloc      28%        2d7       19%         4
 Martyr's Knell           Necr/Summ      28%        N/A       19%         4
 Dispel Undead            Necr           17%        3d10      38%         4
 Ignite Poison            Fire/Alch      17%        N/A       38%         4
 Leda's Liquefaction      Alch/Erth      8%         N/A       38%         4
 Manifold Assault         Tloc           17%        N/A       38%         4
 Olgreb's Toxic Radiance  Alch           17%        N/A       38%         4
 Passage of Golubria      Tloc           17%        N/A       38%         4
 Petrify                  Alch/Erth      17%        N/A       38%         4
 Sticky Flame             Fire/Alch      17%        2d5       38%         4
 Fireball                 Conj/Fire      14%        3d8       45%         5
 Irradiate                Conj/Alch      14%        3d16      45%         5
 Summon Forest            Summ/Tloc      14%        N/A       45%         5
 Conjure Ball Lightning   Conj/Air       25%        3x3d7     47%         6
 Alistair's Intoxication  Alch           11%        N/A       75%         5
 Curse of Agony           Necr           17%        N/A       75%         5
 Plasma Beam              Fire/Air       19%        2x1d31    77%         6
 Sculpt Simulacrum        Ice/Alch       19%        N/A       77%         6
 Ozocubu's Refrigeration  Ice            29%        4d13      78%         7
 Starburst                Conj/Fire      14%        6d6       95%         6
 Death Channel            Necr           8%         N/A       99%         6
 Dispersal                Tloc           8%         N/A       99%         6
 Haunt                    Necr/Summ      14%        N/A       100%        7
 Malign Gateway           Summ/Tloc      14%        N/A       100%        7
 Monstrous Menagerie      Summ           19%        N/A       100%        7
 Summon Hydra             Summ           19%        N/A       100%        7
 Disjunction              Tloc           8%         N/A       100%        8
 Ignition                 Fire           8%         3d5       100%        8
 Maxwell's Capacitive Co  Air            29%        ∞         100%        8
 Borgnjor's Revivificati  Necr           Unusable   N/A       N/A         8
 Death's Door             Necr           Unusable   N/A       N/A         9

Dungeon Overview and Level Annotations

Branches:
Dungeon (15/15)            Temple (1/1) D:6            Lair (5/5) D:8
 Shoals (4/4) Lair:3        Snake (4/4) Lair:3        Slime (0/5) Lair:4
    Orc (2/2) D:9             Elf (3/3) Orc:2        Vaults (5/5) D:14
  Crypt (3/3) Vaults:2       Tomb (0/3) Crypt:3      Depths (4/4) D:15
    Zot (5/5) Depths:4      IceCv (visited)

Altars:
Ashenzari
Cheibriados
Dithmenos
Fedhas
Gozag
Hepliaklqana
Kikubaaqudgha
Makhleb
Nemelex Xobeh
Okawaru
Qazlal
Ru
Sif Muna
Trog
Uskayaw
Vehumet
Wu Jian
Xom
Yredelemnul
Beogh

Shops:
D:3 ==   D:7 ?   D:9 (   D:10 :   D:14 *   Orc:2 :!([   Shoals:3 *   Snake:1 (
Snake:3 (((   Snake:4 :   Vaults:2 (   Vaults:3 [   Vaults:4 (   Depths:1 ?
Depths:2 ==:   Depths:4 [(

Portals:
Hell: Depths:1 Depths:2 Depths:3 Depths:4
Abyss: Depths:3
Pandemonium: Depths:2 Depths:4
Ziggurat: Depths:3

Annotations:
D:7 3 runed translucent doors, exclusion: 3 doors, antlorb's ghost, novice MDFi; zx48k's ghost, novice OpAl
Lair:4 1 runed translucent door
Shoals:2 1 runed translucent door, exclusion: door, Jaluenn's ghost, adept FoFi
Shoals:4 2 transporters, Sp3rw3r's ghost, journeyman MiFi
Snake:2 1 runed translucent door, exclusion: door, hitsuchi's ghost, adept MDCA
Elf:2 5 runed translucent doors, exclusion: door
Zot:5 1 exclusion


Innate Abilities, Weirdness & Mutations

You do not regenerate when monsters are visible.
You are frail without blood (-20% HP).
You can heal yourself when you bite living creatures.
You are immune to poison.
You have razor-sharp teeth.
You have supernaturally acute eyesight. (SInv)
You are afflicted with vampirism and can become a bat while bloodless.
You are agile. (Dex +4, Str/Int -1)
Your mind is acute. (Int +4, Str/Dex -1)
Armour fits poorly on your strangely shaped body.
Your body sometimes deteriorates upon taking damage.
Your health recovers twice as slowly from being drained.


Message History

(H) Hell (Z) Zot
Where to? (Tab/Enter - D:1 @ (x,y), ? - help)
Things that are here:
a +0 robe; a +0 dagger
There is a stone staircase leading up here.
You climb upwards.
There is a stone staircase leading down here.
A sixfirhy comes into view.
You block the sixfirhy's attack. The sixfirhy closely misses you.
The sixfirhy barely misses you. The sixfirhy completely misses you. x2
You impale the sixfirhy!! You freeze the sixfirhy.
The sixfirhy is almost dead.
You impale the sixfirhy!! You freeze the sixfirhy.
You kill the sixfirhy!
Qazlal accepts your kill.
(D) Dungeon (T) Temple (L) Lair (A) Shoals (P) Snake Pit (M) Slime Pits (O) Orcish Mines (E) Elven Halls (V) Vaults (C) Crypt (W) Tomb (U) Depths (H) Hell (Z) Zot
Where to? (Tab/Enter - D:1 @ (x,y), ? - help)
An orange demon comes into view.
There is a stone staircase leading up here.
You climb upwards.
There is a stone staircase leading down here.
(D) Dungeon (T) Temple (L) Lair (A) Shoals (P) Snake Pit (M) Slime Pits (O) Orcish Mines (E) Elven Halls (V) Vaults (C) Crypt (W) Tomb (U) Depths (H) Hell (Z) Zot
Where to? (Tab/Enter - D:1 @ (x,y), ? - help)
There is a stone staircase leading up here.
You climb upwards.
There is a stone staircase leading down here.
Things that are here:
a +0 dagger; a goblin skeleton 4 hell hounds come into view.
Casting: Discord (dangerous; 3% risk of failure)
Confirm with . or Enter, or press ? or * to list all spells.
Your hands begin to glow red.
Unknown command.
Casting: Discord (dangerous; 3% risk of failure)
Press: ? - help, Q - select action, (/) - cycle Dir - look around, f - activate The hell hound flies into a frenzy! x3
The hell hound resists with some effort.
The hell hound bites the hell hound but does no damage.
The hell hound completely misses the hell hound.
The hell hound bites something!
Something bites the hell hound!
The hell hound barely misses the hell hound.
The hell hound bites the hell hound.
The hell hound bites something!
The hell hound bites the hell hound!
The hell hound bites the hell hound.
The hell hound closely misses something.
Something bites the hell hound.
The hell hound bites the hell hound.
The hell hound bites the hell hound but does no damage.
The hell hound bites something!
Qazlal accepts your kill.
You feel a bit more experienced.
The hell hound bites the hell hound.
The hell hound bites the hell hound!
The hell hound completely misses the hell hound.
The hell hound closely misses the hell hound.
The hell hound barely misses the hell hound.
The hell hound breathes flames at you.
The blast of flame hits you but does no damage.
The hell hound bites the hell hound!
The hell hound bites something.
Something closely misses the hell hound.
The hell hound barely misses the hell hound.
The hell hound barely misses something.
Something bites the hell hound.
The hell hound bites something!
The hell hound barely misses the hell hound.
Qazlal accepts your kill.
You feel a bit more experienced. The hell hound breathes flames at you.
The blast of flame hits you. You resist. Qazlal accepts your kill.
You feel a bit more experienced.
You closely miss the hell hound.
The hell hound bites you but does no damage.
You hit the hell hound but do no damage.
The hell hound appears confused.
You hear a bark!
The hell hound bites itself.
You strike the helpless hell hound from behind!
You stick the hell hound like a pincushion!!!!
You freeze the hell hound!
You kill the hell hound!
Qazlal accepts your kill.
The hell hound barks!
The hell hound completely misses you. You block the hell hound's attack.
You puncture the hell hound! You freeze the hell hound.
You kill the hell hound!
Qazlal accepts your kill.
(D) Dungeon (T) Temple (L) Lair (A) Shoals (P) Snake Pit (M) Slime Pits (O) Orcish Mines (E) Elven Halls (V) Vaults (C) Crypt (W) Tomb (U) Depths (H) Hell (Z) Zot
Where to? (Tab/Enter - D:1 @ (x,y), ? - help) HP restored.
There is a stone staircase leading down here.
Magic restored.
There is a staircase leading out of the dungeon here.
You have escaped!

#.#.#...........#.#..# #.
#.##.....#.#.....##.## #.
#.#......#.#......#.# ##
#.#......#.#......#.####### ###
#.#..÷.#.#.#.#....#.##..... ..#
#.#...##.#.#.##...#.##.#### #.#
#.#.....⌠#.#⌠.....#.##.# # #.#
#.#..#####.#####..#.##.# #
..#####.........@.........##.# #
~.#.....#..#####.#####..#.##.####
..#.###.#.....⌠#.#⌠.....#........
#.#.# #.#...##.#.#.##...#####.###
~.#.# #.#....#.#.#.#....# #.#
#.#.# ###......#.#......# #.#
#.#.# #......#÷#......# #.###
..#.# ##.....#.#.....## #....
###.# #.#...........#.# #####


There were no monsters in sight!

Vanquished Creatures
  5 dread liches
  Frederick (Vaults:3)
  Tiamat (Zot:3)
  Mennas (Vaults:5)
  4 orbs of fire (Zot:5)
  4 ancient liches
  Mara (Shoals:3)
  A juggernaut (Depths:3)
  Sojobo (Vaults:3)
  Boris (twice) (D:15 Depths:4)
  Bai Suzhen (Depths:1)
  Vv (Depths:2)
  5 Killer Klowns (Zot:5)
  Saint Roka (Orc:2)
  The ghost of Hulu the Metallomancer, a veteran GrEE of Ashenzari (Depths:3)
  A shard shrike (IceCv)
  A caustic shrike (Depths:1)
  A curse toe (Zot:5)
  A bone dragon (Crypt:3)
  5 golden dragons
  A shard shrike zombie (Crypt:3)
  2 electric golems (Zot:5)
  7 tentacled monstrosities
  Jorgrun (Elf:1)
  2 titans (Vaults:5)
  23 Orb Guardians
  A deep elf blademaster (Elf:3)
  6 liches
  2 walking divine tomes
  4 quicksilver dragons
  A deep elf master archer (Elf:3)
  6 sphinxes
  2 ancient champions (Crypt:2)
  Frances (D:14)
  A kraken (Shoals:2)
  2 tengu reavers
  5 storm dragons
  11 death cobs
  9 shadow dragons
  Aizul (Snake:3)
  5 nagarajas
  A revenant (Crypt:2)
  Ilsuiw (Shoals:3)
  3 draconian monks
  A protean progenitor (Zot:5)
  6 frost giants
  A draconian knight (Zot:5)
  10 deep elf sorcerers
  2 iron dragons
  3 fire giants
  4 ghost moths
  Louise (Elf:2)
  11 vault wardens
  A balrug (Crypt:3)
  6 deep elf elementalists (Elf:3)
  5 draconian stormcallers
  A curse skull (Crypt:3)
  5 orc warlords
  15 stone giants
  15 ironbound preservers
  A reaper (Depths:4)
  The ghost of Lech the Eclecticist, an adept DECj of Sif Muna (Depths:3)
  A formless jellyfish (Vaults:1)
  A cacodemon (Zot:3)
  4 ironbound thunderhulks
  2 spriggan defenders (Depths:3)
  11 vampire knights
  9 deep elf death magi
  4 deep elf demonologists
  14 very ugly things
  2 black draconians
  11 deep elf annihilators (Elf:3)
  4 dire elephants
  3 green draconians
  9 purple draconians
  3 yellow draconians
  4 white draconians
  6 spark wasps
  6 war gargoyles
  A spark wasp (shapeshifter) (Vaults:3)
  6 ettins
  A crystal guardian (Vaults:3)
  5 eidola
  A mummy priest (Crypt:3)
  7 deep elf high priests
  Snorg (Orc:2)
  3 merfolk javelineers (Shoals:4)
  4 fire dragons
  10 merfolk impalers
  6 jiangshi
  Fannar (Lair:1)
  3 great orbs of eyes
  Josephine (D:14)
  A spriggan zombie (Crypt:3)
  11 vault guards
  6 ice dragons
  2 spriggan air magi
  A fenstrider witch zombie (Crypt:3)
  9 hydras
  9 yaktaur captains
  9 ogre magi
  2 peacekeepers (Vaults:3)
  17 anacondas
  10 ironbound frosthearts
  An alligator snapping turtle (Shoals:3)
  3 merfolk avatars
  2 rakshasas
  3 boulder beetles
  Erolcha (Orc:2)
  17 dancing weapons
  11 naga warriors
  10 centaur warriors
  4 deep troll earth magi
  6 tengu warriors
  18 two-headed ogres
  3 two-headed ogres (shapeshifter)
  2 death knights
  2 merfolk aquamancers (Shoals:4)
  4 satyrs
  6 deep troll shamans
  2 spectral dire elephants (Lair:5)
  7 vampire magi
  A sphinx skeleton (Depths:2)
  3 death yaks
  2 orc high priests
  6 naga sharpshooters
  8 shock serpents
  A soul eater (Depths:1)
  2 sun demons
  2 titan zombies
  2 occultists
  2 spriggans (Depths:1)
  4 spriggan berserkers
  2 shadow wraiths
  8 deep elf knights
  A spectral death yak (Lair:5)
  2 sixfirhies
  8 hell knights
  6 skysharks
  A storm dragon zombie (Crypt:2)
  13 skeletal warriors
  3 salamander mystics
  2 iron trolls
  3 storm dragon skeletons
  3 tengu zombies
  9 deep elf archers
  A sun moth (shapeshifter) (Vaults:5)
  14 sea snakes
  A golden dragon zombie (Depths:1)
  An obsidian statue (Lair:5)
  33 deep trolls
  8 naga ritualists
  9 arcanists
  8 phantasmal warriors
  A glowing orange brain (Depths:3)
  9 mana vipers
  2 spriggan simulacra (Shoals:1)
  An orange crystal statue (IceCv)
  A bunyip skeleton (Crypt:3)
  10 flayed ghosts
  3 lindwurms (Snake:4)
  12 ironbound convokers
  7 orc knights
  24 harpies
  An anaconda skeleton (Crypt:2)
  26 ugly things
  10 necromancers
  A shadow dragon zombie (Depths:2)
  23 deep elf pyromancers
  A frost giant zombie (Depths:2)
  2 golden dragon skeletons (Depths:2)
  30 deep elf zephyrmancers
  A tengu skeleton (Depths:2)
  6 orc sorcerers
  An oklob plant (Lair:5)
  A wolf spider (Lair:1)
  Maurice (D:12)
  2 fauns (shapeshifter)
  14 salamanders
  8 fauns
  3 fire giant zombies (Depths:2)
  A human zombie (Vaults:5)
  14 cyclopes
  14 manticores
  A manticore (shapeshifter) (Vaults:5)
  12 merfolk sirens
  2 fire giant skeletons (Depths:2)
  2 stone giant skeletons (Crypt:3)
  12 moths of wrath
  3 kobold blastminers (Orc:1)
  29 black mambas
  7 vault sentinels
  4 water nymphs
  A centaur zombie (Crypt:3)
  14 elephants
  9 guardian serpents
  An ice statue (D:12)
  2 orange demons (Zot:3)
  5 gargoyles
  13 naga magi
  2 smoke demons
  2 centaur skeletons (Crypt:1)
  Maggie (Lair:1)
  A grey draconian zombie (Crypt:1)
  A white draconian zombie (Crypt:1)
  13 rime drakes
  11 cane toads
  9 komodo dragons
  A kobold demonologist (D:11)
  4 ice devils (D:12)
  2 freezing wraiths
  A catoblepas skeleton (Crypt:2)
  2 tengu conjurers (Depths:3)
  11 yaktaurs
  A queen bee (D:15)
  9 trolls
  An anaconda simulacrum (Shoals:1)
  2 harpy zombies (Crypt:3)
  18 polar bears
  2 iron troll skeletons (Crypt:2)
  A harpy skeleton (Crypt:1)
  33 merfolk
  2 saltlings
  6 wind drakes
  2 hornets (Depths:1)
  A snapping turtle (shapeshifter) (Vaults:5)
  7 blink frogs
  14 dream sheep
  A tarantella (shapeshifter) (Vaults:5)
  5 snapping turtles (Shoals:4)
  A glass eye (Depths:2)
  27 slime creatures
  4 spriggan skeletons
  A culicivora (shapeshifter) (Elf:3)
  An air elemental (Elf:2)
  12 wraiths
  A ynoxinul (Depths:4)
  6 water elementals
  3 shadows (Crypt:3)
  A yak (shapeshifter) (D:14)
  4 fire elementals
  3 wyverns
  A guardian serpent skeleton (Crypt:1)
  60 yaks
  7 vampires
  A slime creature zombie (Crypt:1)
  A black mamba zombie (Crypt:1)
  A dire elephant simulacrum (Shoals:1)
  9 basilisks
  2 steam dragons
  7 wargs
  Grum (D:8)
  2 minotaur simulacra (Shoals:1)
  A redback (shapeshifter) (Vaults:5)
  25 vampire mosquitoes
  A death yak simulacrum (Lair:5)
  An ogre zombie (Vaults:5)
  A glowing shapeshifter zombie (Depths:2)
  3 acid dragons (D:11)
  36 nagas
  2 hell hounds (D:1)
  10 water moccasins
  A naga skeleton (Crypt:3)
  A water nymph skeleton (Crypt:1)
  A glowing shapeshifter skeleton (Depths:2)
  5 black bears
  22 orc warriors
  A swamp drake (D:9)
  A sky beast (D:6)
  2 ice beasts
  3 elephant zombies (Lair:5)
  A sky beast (shapeshifter) (D:14)
  10 laughing skulls
  5 ogres
  A boggart (Elf:1)
  2 elephant skeletons
  9 wolves
  A dream sheep skeleton (Crypt:2)
  8 centaurs
  A phantom (D:4)
  6 kobold brigands
  9 bullfrogs
  5 scorpions
  2 deep troll simulacra (Shoals:1)
  A draconian skeleton (Crypt:1)
  3 earth elementals
  2 wights (D:7)
  3 elephant simulacra (Lair:5)
  18 killer bees
  A polar bear skeleton (Crypt:1)
  An electric eel (Lair:5)
  4 howler monkeys
  2 bombardier beetles
  Crazy Yiuf (D:2)
  7 gnoll boudas
  10 orc priests
  2 hounds
  3 sleepcaps
  An iguana (D:4)
  12 orc wizards
  14 gnolls
  A howler monkey zombie (Crypt:1)
  19 adders
  3 white imps
  An ufetubus (Vaults:1)
  An adder skeleton (Crypt:2)
  3 dart slugs
  3 ribbon worms
  51 orcs
  8 endoplasms
  5 giant cockroaches
  9 goblins
  6 hobgoblins
  9 jackals
  31 kobolds
  4 quokkas
  12 ball pythons
  4 bats
  2 frilled lizards
  A frilled lizard skeleton (Crypt:2)
  5 rats
  A tentacle (Shoals:2)
1828 creatures vanquished.

Vanquished Creatures (collateral kills)
  A Killer Klown (Zot:5)
  The ghost of Hauff the Metallomancer, a veteran GrEE of Ashenzari (Depths:3)
  A golden dragon (Zot:5)
  The ghost of Etzesk the Imperceptible, a veteran TeGl of Uskayaw (Depths:3)
  2 tentacled monstrosities
  Mlioglotl (Snake:2)
  A walking earthen tome (Depths:3)
  A sphinx (Vaults:4)
  2 shadow dragons (Zot:4)
  A tengu reaver (Depths:3)
  A revenant (Crypt:2)
  A draconian monk (Zot:4)
  A draconian knight (Zot:4)
  A draconian shifter (Zot:1)
  A vault warden (Vaults:5)
  A fire giant (Vaults:4)
  A curse skull (Crypt:3)
  A draconian scorcher (Zot:3)
  3 draconian annihilators
  5 very ugly things
  3 stone giants
  7 ironbound preservers
  4 green draconians
  3 ironbound thunderhulks
  A vampire knight (Depths:2)
  A war gargoyle (Vaults:3)
  A deep elf annihilator (Vaults:5)
  4 purple draconians
  A red draconian (Zot:4)
  2 white draconians
  2 black draconians (Zot:4)
  2 yellow draconians
  An ettin (Depths:1)
  2 jiangshi
  An entropy weaver (Vaults:1)
  4 yaktaur captains
  A great orb of eyes (Vaults:3)
  16 vault guards
  A hydra (Lair:2)
  A rakshasa (Depths:2)
  A centaur warrior (Vaults:3)
  5 ironbound frosthearts
  An alligator snapping turtle (Shoals:4)
  A spriggan skeleton (Crypt:3)
  A merfolk avatar (Shoals:3)
  2 deep troll shamans (Depths:2)
  4 deep troll earth magi
  2 death yaks (Lair:4)
  A satyr (Shoals:4)
  9 hell knights
  A shadow wraith (Crypt:2)
  5 iron trolls
  4 skeletal warriors
  A spectral anaconda (Lair:5)
  3 flayed ghosts
  A bunyip skeleton (Crypt:3)
  2 arcanists
  A glowing orange brain (Depths:1)
  26 deep trolls
  8 ironbound convokers
  A phantasmal warrior (Depths:2)
  7 orc knights
  A necromancer (Vaults:5)
  2 stone giant zombies
  A shadow dragon skeleton (Vaults:5)
  An orc sorcerer (Vaults:5)
  A frost giant zombie (Depths:2)
  A goliath frog skeleton (Crypt:1)
  2 moths of wrath
  13 ugly things
  A salamander (Snake:2)
  An iron dragon skeleton (Depths:2)
  A fire giant zombie (Depths:2)
  7 vault sentinels
  A yaktaur (shapeshifter) (Vaults:5)
  13 yaktaurs
  A troll (Orc:2)
  A merfolk (Shoals:3)
  2 dream sheep (Lair:3)
  A snapping turtle (Shoals:3)
  A spriggan zombie (Depths:2)
  An ettin skeleton (Crypt:2)
  3 slime creatures (Vaults:3)
  A water elemental (Depths:3)
  A wyvern (Lair:2)
  A wraith (D:10)
  3 hell hounds (D:1)
  A glowing shapeshifter skeleton (Vaults:5)
  4 orc warriors
  3 ogres
  A laughing skull (Crypt:3)
  A manticore skeleton (Crypt:2)
  A wight (D:7)
  An orc priest (Orc:2)
  An orc wizard (Vaults:5)
  A white imp (D:6)
  5 orcs
  A spectral weapon (Depths:1)
255 creatures vanquished.

Vanquished Creatures (others)
  2 sphinxes
  A tengu reaver (Vaults:3)
  A vault warden (Vaults:3)
  A draconian scorcher (Zot:4)
  An orc warlord (Vaults:1)
  3 ironbound preservers
  A very ugly thing (Vaults:4)
  3 black draconians
  2 green draconians
  A white draconian (Zot:3)
  2 yellow draconians (Zot:3)
  5 vault guards (Vaults:5)
  2 yaktaur captains
  An ironbound frostheart (Vaults:1)
  2 deep troll shamans (Depths:2)
  A deep elf knight (Elf:1)
  2 hell knights
  3 deep trolls
  A skeletal warrior (Crypt:3)
  A deep elf zephyrmancer (Elf:3)
  3 ironbound convokers
  2 orc knights
  A phantasmal warrior (Crypt:2)
  2 ugly things (Vaults:3)
  A freezing wraith (Vaults:5)
  3 yaktaurs (Vaults:2)
  A water elemental (Elf:2)
  9 tentacles (Shoals:2)
58 creatures vanquished.

Grand Total: 2141 creatures vanquished

Notes
Turn   | Place    | Note
-------+----------+-------------------------------------------
     0 | D:1      | EnegeticOcto the Vampire Ice Elementalist began the quest
                  | for the Orb.
     0 | D:1      | Reached XP level 1. HP: 13/13 MP: 3/3
   262 | D:1      | Reached XP level 2. HP: 14/19 MP: 1/5
   615 | D:1      | Gained mutation: You are afflicted with vampirism and can
                  | become a bat while bloodless. [Vampire growth]
   615 | D:1      | Reached XP level 3. HP: 24/24 MP: 4/6
  1112 | D:1      | Learned a level 3 spell: Frozen Ramparts
  1116 | D:1      | Learned a level 3 spell: Ozocubu's Armour
  1351 | D:2      | Reached skill level 4 in Stealth
  1575 | D:2      | Reached skill level 3 in Spellcasting
  1575 | D:2      | Reached XP level 4. HP: 30/30 MP: 4/8
  1583 | D:2      | Reached skill level 5 in Ice Magic
  2373 | D:2      | Found a runed translucent door.
  2374 | D:2      | Noticed Crazy Yiuf
  2554 | D:3      | Found a faded altar of an unknown god.
  2655 | D:3      | Reached XP level 5. HP: 31/35 MP: 0/9
  2770 | D:3      | Found Piti's One-of-a-Kind Rings.
  2804 | D:3      | Learned a level 3 spell: Summon Ice Beast
  2860 | D:3      | Found Duima's Jewellery Emporium.
  3487 | D:3      | Found a sacrificial altar of Ru.
  3558 | D:4      | Reached skill level 6 in Ice Magic
  3819 | D:4      | Noticed a phantom
  3833 | D:4      | Reached skill level 1 in Summonings
  3898 | D:4      | Reached skill level 1 in Fighting
  4079 | D:4      | Noticed a black bear
  4080 | D:4      | Reached XP level 6. HP: 43/43 MP: 6/10
  4251 | D:4      | Reached skill level 2 in Summonings
  4267 | D:4      | Reached skill level 2 in Fighting
  4609 | D:4      | Reached skill level 4 in Spellcasting
  4609 | D:4      | Reached XP level 7. HP: 43/51 MP: 8/13
  4778 | D:5      | Entered Level 5 of the Dungeon
  4840 | D:5      | Reached skill level 3 in Summonings
  5127 | D:5      | Got Naydy's Elementary Magical Power
  5133 | D:5      | Reached skill level 3 in Fighting
  5656 | D:5      | Reached skill level 4 in Summonings
  5917 | D:6      | Reached skill level 5 in Spellcasting
  6085 | D:6      | Reached XP level 8. HP: 60/60 MP: 5/15
  6218 | D:6      | Reached skill level 1 in Evocations
  6242 | D:6      | Found a staircase to the Ecumenical Temple.
  6260 | Temple   | Entered the Ecumenical Temple
  6298 | Temple   | Became a worshipper of Qazlal Stormbringer
  6507 | D:6      | Reached skill level 4 in Fighting
  6687 | D:7      | Found Mas Soar's Magic Scroll Shoppe.
  6694 | D:7      | Bought a scroll of teleportation for 36 gold pieces
  6694 | D:7      | Bought a scroll of fear for 48 gold pieces
  6694 | D:7      | Bought a scroll of identify for 24 gold pieces
  6694 | D:7      | Bought a scroll of identify for 24 gold pieces
  6694 | D:7      | Bought a scroll of fear for 48 gold pieces
  6707 | D:7      | Found a runed translucent gate.
  6708 | D:7      | Found a runed translucent gate.
  6709 | D:7      | Found a runed translucent gate.
  6710 | D:7      | Noticed antlorb's ghost (novice MDFi)
  6711 | D:7      | Noticed zx48k's ghost (novice OpAl)
  6761 | D:6      | Reached skill level 2 in Evocations
  7025 | D:7      | Reached skill level 7 in Ice Magic
  7033 | D:7      | Reached skill level 5 in Fighting
  7033 | D:7      | Reached skill level 3 in Evocations
  7428 | D:7      | Reached skill level 8 in Ice Magic
  7428 | D:7      | Reached XP level 9. HP: 68/68 MP: 6/16
  7671 | D:8      | Reached skill level 3 in Dodging
  8076 | D:8      | Reached skill level 4 in Dodging
  8176 | D:8      | Reached * piety under Qazlal
  8177 | D:8      | Reached skill level 6 in Fighting
  8300 | D:8      | Reached skill level 5 in Dodging
  8568 | D:8      | Found a staircase to the Lair.
  8568 | D:8      | Noticed a komodo dragon
  8575 | D:8      | Killed a komodo dragon
  8576 | D:8      | Reached skill level 1 in Invocations
  8660 | D:8      | Noticed a komodo dragon
  8678 | D:8      | Killed a komodo dragon
  8679 | D:8      | Reached skill level 2 in Invocations
  8983 | D:8      | Noticed Grum
  8994 | D:8      | Reached skill level 7 in Fighting
  8994 | D:8      | Reached skill level 6 in Dodging
  8999 | D:8      | Killed Grum
  9011 | D:8      | Reached XP level 10. HP: 79/79 MP: 2/17
  9147 | D:9      | Found Hohavim's Weapon Emporium.
  9218 | D:9      | Found a hide-covered altar of Uskayaw.
  9293 | D:9      | Reached skill level 3 in Invocations
  9441 | D:9      | Found a radiant altar of Vehumet.
  9562 | D:9      | Reached skill level 4 in Invocations
  9571 | D:9      | Reached skill level 8 in Fighting
  9739 | D:9      | Reached ** piety under Qazlal
 10059 | D:9      | Reached skill level 5 in Invocations
 10469 | D:9      | Found a staircase to the Orcish Mines.
 10704 | D:10     | Entered Level 10 of the Dungeon
 10746 | D:10     | Found Saapor Cugim's Self-Improvement Boutique.
 10847 | D:10     | Reached skill level 6 in Invocations
 10848 | D:10     | Reached skill level 5 in Stealth
 11046 | D:10     | Reached skill level 7 in Dodging
 11330 | D:3      | Bought the amulet of the Priest {Faith Regen+} for 470 gold
                  | pieces
 11545 | D:10     | Learned a level 3 spell: Mephitic Cloud
 11551 | D:10     | Learned a level 5 spell: Freezing Cloud
 11596 | D:10     | Identified the +12 rapier of Qipapt {freeze, rF+ rC+}
 11748 | D:10     | Reached skill level 1 in Short Blades
 12061 | Lair:1   | Entered Level 1 of the Lair of Beasts
 12070 | Lair:1   | Reached skill level 2 in Short Blades
 12081 | Lair:1   | Reached *** piety under Qazlal
 12082 | Lair:1   | Reached XP level 11. HP: 86/86 MP: 7/18
 12336 | D:2      | Killed Crazy Yiuf
 12592 | Lair:1   | Reached skill level 3 in Short Blades
 12594 | Lair:1   | Reached skill level 8 in Dodging
 12710 | Lair:1   | Noticed a wolf spider
 12720 | Lair:1   | Killed a wolf spider
 12721 | Lair:1   | Reached skill level 4 in Short Blades
 12721 | Lair:1   | Reached skill level 7 in Invocations
 12877 | Lair:1   | Reached skill level 5 in Short Blades
 13050 | Lair:1   | Noticed Fannar
 13078 | Lair:1   | Killed Fannar
 13294 | Lair:1   | Noticed Maggie
 13300 | Lair:1   | Killed Maggie
 13301 | Lair:1   | Reached skill level 6 in Short Blades
 13503 | Lair:2   | Reached skill level 8 in Invocations
 13653 | Lair:2   | Noticed a seven-headed hydra
 13660 | Lair:2   | Killed a seven-headed hydra
 13673 | Lair:2   | Noticed a seven-headed hydra
 13678 | Lair:2   | Killed a seven-headed hydra
 13678 | Lair:2   | Reached **** piety under Qazlal
 13679 | Lair:2   | Reached skill level 7 in Short Blades
 13889 | Lair:2   | Reached skill level 9 in Invocations
 13895 | Lair:2   | Reached skill level 8 in Short Blades
 13987 | Lair:2   | Reached XP level 12. HP: 92/92 MP: 11/19
 14076 | Lair:2   | Reached skill level 9 in Short Blades
 14295 | Lair:2   | Reached skill level 10 in Short Blades
 14488 | Lair:2   | Reached ***** piety under Qazlal
 14885 | Lair:3   | Reached skill level 11 in Short Blades
 14887 | Lair:3   | Reached skill level 1 in Armour
 15300 | Lair:3   | Found a staircase to the Shoals.
 15367 | Lair:3   | Found a staircase to the Snake Pit.
 15954 | Lair:4   | Reached skill level 2 in Armour
 16006 | Lair:4   | Identified the ring "Bacrypaph" {Wiz rPois Str-3 Dex+2}
 16141 | Lair:4   | Noticed a death yak
 16147 | Lair:4   | Noticed a death yak
 16148 | Lair:4   | Noticed a death yak
 16153 | Lair:4   | Noticed a death yak
 16153 | Lair:4   | Killed a death yak
 16155 | Lair:4   | Killed a death yak
 16161 | Lair:4   | Killed a death yak
 16162 | Lair:4   | Reached skill level 3 in Armour
 16164 | Lair:4   | Killed a death yak
 16171 | Lair:4   | Noticed a six-headed hydra
 16189 | Lair:4   | Killed a six-headed hydra
 16211 | Lair:4   | Reached skill level 9 in Fighting
 16211 | Lair:4   | Reached XP level 13. HP: 99/101 MP: 1/20
 16392 | Lair:4   | Noticed an acid blob
 16393 | Lair:4   | Found a runed translucent door.
 16393 | Lair:4   | Found a staircase to the Slime Pits.
 16598 | Lair:4   | Identified a scroll of acquirement
 16599 | Lair:4   | Acquired 958 gold pieces
 17049 | Lair:5   | Entered Level 5 of the Lair of Beasts
 17167 | Lair:5   | Reached skill level 10 in Invocations
 17184 | Lair:5   | Reached skill level 12 in Short Blades
 17410 | Lair:5   | Reached skill level 4 in Armour
 17862 | Lair:5   | Reached skill level 10 in Fighting
 18213 | Lair:5   | Noticed a dire elephant
 18213 | Lair:5   | Noticed a dire elephant
 18213 | Lair:5   | Noticed a dire elephant
 18223 | Lair:5   | Reached skill level 13 in Short Blades
 18248 | Lair:5   | Reached skill level 11 in Invocations
 18598 | Lair:5   | Reached skill level 14 in Short Blades
 18763 | Lair:5   | Reached skill level 1 in Air Magic
 19124 | Lair:5   | Identified the amulet of Yteof {Regen+ Stlth+}
 19154 | Lair:5   | Reached skill level 1 in Conjurations
 19162 | Lair:5   | Reached XP level 14. HP: 110/110 MP: 16/22
 19248 | Lair:5   | Reached skill level 2 in Air Magic
 19768 | D:11     | Reached skill level 2 in Conjurations
 19951 | D:11     | Reached skill level 3 in Air Magic
 20095 | D:11     | Reached skill level 6 in Spellcasting
 20101 | D:11     | Reached skill level 9 in Dodging
 20197 | D:11     | Gained mutation: You are clumsy. (Dex -2) [potion of
                  | mutation]
 20197 | D:11     | Gained mutation: Your muscles are strong. (Str +4, Int/Dex
                  | -1) [potion of mutation]
 20197 | D:11     | Gained mutation: Armour fits poorly on your strangely
                  | shaped body. [potion of mutation]
 20200 | D:11     | Reached skill level 3 in Conjurations
 20200 | D:11     | Reached skill level 4 in Air Magic
 20285 | D:11     | Learned a level 3 spell: Confusing Touch
 20329 | D:11     | Reached skill level 1 in Hexes
 20489 | D:11     | Reached skill level 2 in Hexes
 20826 | D:11     | Lost mutation: You are clumsy. (Dex -2) [potion of
                  | mutation]
 20826 | D:11     | Lost mutation: Your muscles are strong. (Str +4, Int/Dex
                  | -1) [potion of mutation]
 20826 | D:11     | Gained mutation: You are agile. (Dex +4, Str/Int -1)
                  | [potion of mutation]
 20826 | D:11     | Gained mutation: Your mind is acute. (Int +4, Str/Dex -1)
                  | [potion of mutation]
 21010 | D:11     | Reached skill level 3 in Hexes
 21639 | D:11     | Reached skill level 5 in Air Magic
 21705 | D:12     | Noticed Maurice
 21714 | D:11     | Reached skill level 4 in Hexes
 21779 | Orc:1    | Entered Level 1 of the Orcish Mines
 21792 | Orc:1    | Reached skill level 7 in Spellcasting
 21949 | Orc:1    | Reached skill level 10 in Dodging
 22079 | Orc:2    | Entered Level 2 of the Orcish Mines
 22079 | Orc:2    | Found a staircase to the Elven Halls.
 22080 | Orc:2    | Noticed an orc warlord
 22211 | Orc:2    | Killed an orc warlord
 22212 | Orc:2    | Reached skill level 5 in Hexes
 22329 | Orc:2    | Noticed Saint Roka
 22338 | Orc:2    | Killed Saint Roka
 22463 | Orc:2    | Reached skill level 6 in Hexes
 23059 | Orc:2    | Noticed Erolcha
 23060 | Orc:2    | Noticed Snorg
 23062 | Orc:2    | Killed Erolcha
 23068 | Orc:2    | Killed Snorg
 23069 | Orc:2    | Reached XP level 15. HP: 105/115 MP: 5/26
 23455 | Orc:2    | Reached skill level 7 in Hexes
 23506 | Orc:2    | Reached skill level 8 in Spellcasting
 23510 | Orc:2    | Reached skill level 11 in Dodging
 23625 | Orc:2    | Found Tuirof's Armour Emporium.
 23643 | Orc:2    | Found Byaxob's Distillery.
 23644 | Orc:2    | Found a roughly hewn altar of Beogh.
 23645 | Orc:2    | Found Xainuc's Weapon Boutique.
 23655 | Orc:2    | Bought a potion of heal wounds for 70 gold pieces
 23744 | Orc:2    | Reached skill level 8 in Hexes
 23885 | Orc:2    | Found Facenien's Book Shop.
 24371 | D:12     | Killed Maurice
 24382 | D:11     | Reached skill level 9 in Hexes
 25114 | D:12     | Learned a level 5 spell: Silence
 25160 | D:13     | Reached skill level 12 in Dodging
 25183 | D:13     | Reached skill level 10 in Hexes
 26130 | D:14     | Found Xoduw's Assorted Antiques.
 26295 | D:14     | Noticed Josephine
 26304 | D:14     | Killed Josephine
 26427 | D:14     | Found a gate to the Vaults.
 26546 | D:14     | Reached skill level 13 in Dodging
 26828 | D:14     | Reached skill level 11 in Fighting
 26915 | D:14     | Noticed Frances
 26926 | D:14     | Killed Frances
 27322 | D:15     | Entered Level 15 of the Dungeon
 27441 | D:15     | Paralysed by an ogre mage for 4 turns
 27486 | D:15     | Reached XP level 16. HP: 105/126 MP: 7/28
 27804 | D:15     | Noticed Nessos
 27815 | D:15     | Nessos changed into Nessos the queen bee
 27815 | D:15     | Noticed Nessos
 27825 | D:15     | Killed Nessos the queen bee
 28684 | D:15     | Found a staircase to the Depths.
 29211 | D:3      | Bought a +9 ring of slaying for 2708 gold pieces
 29572 | Shoals:1 | Entered Level 1 of the Shoals
 29651 | Shoals:1 | Found a glacial archway.
 29676 | IceCv    | Entered an ice cave
 30064 | IceCv    | Reached skill level 6 in Air Magic
 30121 | IceCv    | Reached skill level 4 in Conjurations
 30205 | IceCv    | Reached skill level 14 in Dodging
 30233 | IceCv    | Reached skill level 9 in Spellcasting
 30583 | IceCv    | Reached skill level 7 in Air Magic
 30836 | IceCv    | Noticed a shard shrike
 30842 | IceCv    | Killed a shard shrike
 31172 | Shoals:1 | Reached skill level 12 in Fighting
 31394 | Shoals:1 | Learned a level 4 spell: Airstrike
 31947 | Shoals:2 | Reached skill level 8 in Air Magic
 31947 | Shoals:2 | Reached ****** piety under Qazlal
 32107 | Shoals:2 | Reached skill level 10 in Spellcasting
 32519 | Shoals:2 | Noticed a kraken
 32529 | Shoals:2 | Killed a kraken
 32530 | Shoals:2 | Reached XP level 17. HP: 88/135 MP: 22/31
 32803 | Shoals:2 | Found a runed translucent door.
 32804 | Shoals:2 | Noticed Jaluenn's ghost (adept FoFi)
 33117 | Shoals:3 | Noticed Mara
 33257 | Shoals:3 | Killed Mara
 33258 | Shoals:3 | Reached skill level 15 in Dodging
 33269 | Shoals:3 | Found a transporter.
 33274 | Shoals:3 | Noticed Ilsuiw
 33282 | Shoals:3 | Killed Ilsuiw
 33789 | Shoals:3 | Reached skill level 13 in Fighting
 33887 | Shoals:3 | Found a transporter.
 33946 | Shoals:3 | Found a transporter.
 33951 | Shoals:3 | Identified the +6 morningstar "Riomuh" {freeze, Int+4}
 33965 | Shoals:3 | Identified the +0 falchion of the Magic Mushroom {heavy,
                  | rElec Will- rCorr MP+9}
 34188 | Shoals:3 | Found a transporter.
 34396 | Shoals:4 | Entered Level 4 of the Shoals
 34412 | Shoals:3 | Found a transporter.
 34412 | Shoals:3 | Found a transporter.
 34482 | Shoals:3 | Reached skill level 12 in Invocations
 34600 | Shoals:3 | Found Etweid's General Store.
 35414 | Shoals:4 | Noticed a kraken
 35414 | Shoals:4 | Noticed Sp3rw3r's ghost (journeyman MiFi)
 35483 | Shoals:4 | Learned a level 5 spell: Yara's Violent Unravelling
 35636 | Shoals:4 | Identified the +5 scale mail "Lanixtit" {Regen+ Int+3
                  | Dex+2}
 35767 | Shoals:4 | Reached skill level 13 in Invocations
 35870 | Shoals:4 | Identified the +4 war axe "Liyxauq" {flame, Dex+3 Stlth+}
 36204 | Shoals:4 | Identified the +4 short sword of Wokheid {heavy, rF- rC+
                  | Str+5}
 36378 | Shoals:4 | Reached skill level 14 in Invocations
 36516 | Shoals:4 | Got a barnacled rune of Zot
 36531 | Shoals:4 | Found a transporter.
 36533 | Shoals:4 | Found a transporter.
 36913 | Snake:1  | Entered Level 1 of the Snake Pit
 37382 | Snake:1  | Reached skill level 6 in Stealth
 37711 | Snake:1  | Reached XP level 18. HP: 143/143 MP: 32/32
 38172 | Snake:1  | Found Epruige's Weapon Shoppe.
 39041 | Snake:2  | Noticed Mlioglotl
 39050 | Snake:2  | Killed Mlioglotl
 39051 | Snake:2  | Reached skill level 7 in Stealth
 39285 | Snake:2  | Found a runed translucent door.
 39321 | Snake:2  | Noticed hitsuchi's ghost (adept MDCA)
 39569 | Snake:2  | Acquired 1014 gold pieces
 39769 | D:10     | Bought a manual of Hexes for 1120 gold pieces
 39905 | D:15     | Learned a level 7 spell: Enfeeble
 40594 | Snake:2  | Reached skill level 1 in Shields
 40717 | Snake:3  | Found Egibafe's Antique Weapon Shoppe.
 40723 | Snake:3  | Identified the serpent talisman "Syazu" {Will+ Str+2 Int+3}
 40723 | Snake:3  | Noticed Aizul
 40727 | Snake:3  | Killed Aizul
 40892 | Snake:3  | Found Rilo's Antique Weapon Boutique.
 41193 | Snake:3  | Reached skill level 2 in Shields
 41291 | Snake:3  | Found Erott's Weapon Emporium.
 41326 | Snake:3  | Reached skill level 11 in Hexes
 41402 | Snake:3  | Reached skill level 3 in Shields
 41552 | Snake:3  | Reached skill level 4 in Shields
 41552 | Snake:3  | Reached skill level 12 in Hexes
 41951 | Snake:3  | Reached skill level 15 in Invocations
 42131 | Snake:3  | Reached skill level 5 in Shields
 42137 | Snake:3  | Reached skill level 13 in Hexes
 42346 | Snake:3  | Found a sacrificial altar of Ru.
 42586 | Snake:4  | Entered Level 4 of the Snake Pit
 43026 | Snake:4  | Reached skill level 14 in Hexes
 43344 | Snake:4  | Found Oloafexu's Tremendous Tomes.
 43497 | Snake:4  | Found an ornate altar of the Wu Jian Council.
 44017 | Snake:4  | Reached skill level 6 in Shields
 44018 | Snake:4  | Reached skill level 15 in Hexes
 44329 | Snake:4  | Reached skill level 16 in Hexes
 44393 | Snake:4  | Reached skill level 7 in Shields
 44406 | Snake:4  | Reached skill level 17 in Hexes
 44634 | Snake:4  | Got a serpentine rune of Zot
 44980 | Elf:1    | Entered Level 1 of the Elven Halls
 44997 | Elf:1    | Reached skill level 18 in Hexes
 45111 | Elf:1    | Reached XP level 19. HP: 146/149 MP: 27/33
 45133 | Elf:1    | Reached skill level 19 in Hexes
 45396 | Elf:1    | Noticed Jorgrun
 45408 | Elf:1    | Killed Jorgrun
 46265 | Elf:2    | Reached skill level 16 in Dodging
 46269 | Elf:2    | Reached skill level 8 in Shields
 46287 | Elf:2    | Found a huge runed translucent gate.
 46287 | Elf:2    | Found a huge runed translucent gate.
 46287 | Elf:2    | Found a huge runed translucent gate.
 46287 | Elf:2    | Found a huge runed translucent gate.
 46288 | Elf:2    | Found a huge runed translucent gate.
 46385 | Elf:2    | Noticed Louise
 46425 | Elf:2    | Killed Louise
 46732 | Elf:3    | Entered Level 3 of the Elven Halls
 47587 | Elf:3    | Found an ancient bone altar of Kikubaaqudgha.
 48626 | Elf:3    | Noticed a Brimstone Fiend
 48671 | Elf:3    | Identified the +7 flail of Vuruf {spect, *Rage +Blink Int+8
                  | Stlth-}
 48692 | Elf:3    | Reached skill level 14 in Fighting
 49032 | Elf:3    | Reached skill level 9 in Shields
 49866 | Elf:3    | Identified the ring of Lizaeris {rElec rC+ Dex-4 SInv}
 50190 | Elf:3    | Reached skill level 17 in Dodging
 50211 | Elf:3    | Reached XP level 20. HP: 134/160 MP: 31/34
 50997 | Elf:3    | Identified the +11 great mace of Indomitability {pain,
                  | ^Fragile Will+ Int+4 SInv}
 50997 | Elf:3    | Identified the ring of Liureirch {rElec rF++ Will+ Str+3
                  | Dex-4}
 51019 | Elf:3    | Got Tomibrei's Catalogue of Shocking Sublimation
 51067 | Elf:3    | Identified the staff of Oziopu {rF+ rC+ Fire}
 51085 | Elf:3    | Identified the +8 lajatang "Nonal" {speed, Dex+4}
 51101 | Elf:3    | Identified the ring of Aptar {rF+ Will++ rCorr Dex-2 SInv}
 51553 | Vaults:1 | Entered Level 1 of the Vaults
 51741 | D:15     | Learned a level 8 spell: Discord
 51792 | Vaults:1 | Reached skill level 20 in Hexes
 52114 | Vaults:1 | Identified the +1 cloak of Divine Intervention {rC+ rN++
                  | Str-3 SInv}
 52260 | Vaults:1 | Reached skill level 15 in Fighting
 52389 | Vaults:1 | Paralysed by a formless jellyfish for 1 turns
 52620 | Vaults:1 | Reached skill level 5 in Armour
 53651 | Vaults:2 | Reached skill level 18 in Dodging
 53698 | Vaults:2 | Reached skill level 21 in Hexes
 53731 | Vaults:2 | Found Laewkoin's Antique Weapon Boutique.
 54402 | Vaults:2 | Found a staircase to the Crypt.
 54402 | Vaults:2 | Found a basalt altar of Yredelemnul.
 54403 | Vaults:2 | Found an ancient bone altar of Kikubaaqudgha.
 54973 | Vaults:3 | Reached skill level 10 in Shields
 55380 | Vaults:3 | Reached skill level 6 in Armour
 55382 | Vaults:3 | Identified the +8 rapier of Bodily Harmony {freeze, rElec
                  | rC++ Int-3 Dex+3}
 55500 | Vaults:3 | Reached XP level 21. HP: 141/169 MP: 18/35
 55981 | Vaults:3 | Identified the orb "Itodghoew" {*channel, rC++}
 55981 | Vaults:3 | Noticed Frederick
 55994 | Vaults:3 | Killed Frederick
 56128 | Vaults:3 | Found Aprangal's Antique Armour Shop.
 56133 | Vaults:3 | Bought a pitted leather armour for 252 gold pieces
 56133 | Vaults:3 | Identified the +3 leather armour "Ickacs" {+Blink Fly} (You
                  | bought it in a shop on level 3 of the Vaults)
 56503 | Vaults:3 | Noticed Sojobo
 56517 | Vaults:3 | Killed Sojobo
 56704 | Vaults:3 | Acquired 924 gold pieces
 56916 | Vaults:4 | Reached skill level 22 in Hexes
 57227 | Vaults:4 | Reached skill level 7 in Armour
 57348 | Vaults:4 | Reached skill level 11 in Shields
 57643 | Vaults:4 | Found Daevvoff's Weapon Shoppe.
 57779 | Vaults:4 | Reached skill level 16 in Fighting
 58753 | Depths:1 | Entered Level 1 of the Depths
 58771 | Depths:1 | Identified the +2 robe of Liott {rElec rCorr Int+3 Stlth+}
 58771 | Depths:1 | Noticed Boris
 58784 | Depths:1 | Reached skill level 19 in Dodging
 58801 | D:15     | Killed Boris
 58991 | Depths:1 | Found Zeitoobb's Magic Scroll Emporium.
 58992 | Depths:1 | Noticed Bai Suzhen
 59015 | Depths:1 | Killed Bai Suzhen
 59214 | Depths:1 | Bought a scroll of acquirement for 520 gold pieces
 59214 | Depths:1 | Bought a scroll of revelation for 75 gold pieces
 59214 | Depths:1 | Acquired the +0 buckler of Intuition {Rampage Will- Dex+7}
 59349 | Depths:1 | Found a gateway to Hell.
 59445 | Depths:1 | Reached XP level 22. HP: 166/178 MP: 36/36
 59592 | Depths:1 | Reached skill level 8 in Armour
 59713 | Depths:1 | Noticed a caustic shrike
 59717 | Depths:1 | Killed a caustic shrike
 60437 | Depths:2 | Reached skill level 16 in Invocations
 60706 | Depths:2 | Reached skill level 12 in Shields
 60959 | Depths:2 | Found Zueleng's Jewellery Boutique.
 60960 | Depths:2 | Found Iddakoitz's Book Shoppe.
 60961 | Depths:2 | Found Beiveq's Jewellery Boutique.
 60971 | Depths:2 | Bought the amulet "Teorann" {RegenMP Will+++ Str-3 Slay+6}
                  | for 839 gold pieces
 61404 | Depths:2 | Noticed Vv
 61420 | Depths:2 | Killed Vv
 61421 | Depths:2 | Found a one-way gate leading to the halls of Pandemonium.
 61692 | Depths:3 | Reached skill level 9 in Armour
 61935 | Depths:3 | Reached skill level 17 in Fighting
 61980 | Depths:3 | Identified the +0 fire dragon scales of Supple Strength
                  | {+Inv rPois rF++ rC- Int-4}
 62280 | Depths:3 | Noticed a golden dragon
 62290 | Depths:3 | Killed a golden dragon
 62807 | Depths:3 | Found a runed translucent gate.
 62807 | Depths:3 | Found a runed translucent gate.
 62807 | Depths:3 | Found a runed translucent gate.
 62842 | Depths:3 | Noticed a juggernaut
 62850 | Depths:3 | Killed a juggernaut
 63059 | Depths:3 | Found a one-way gateway to a ziggurat.
 63114 | Depths:3 | Found a one-way gate to the infinite horrors of the Abyss.
 63201 | Depths:3 | Noticed Lech's ghost (adept DECj)
 63202 | Depths:3 | Noticed Etzesk's ghost (veteran TeGl)
 63202 | Depths:3 | Noticed Hauff's ghost (veteran GrEE)
 63202 | Depths:3 | Noticed Hulu's ghost (veteran GrEE)
 63407 | Depths:3 | Killed Hulu's ghost
 63408 | Depths:3 | Reached XP level 23. HP: 188/188 MP: 33/37
 63416 | Depths:3 | Killed Etzesk's ghost
 63422 | Depths:3 | Killed Hauff's ghost
 63423 | Depths:3 | Reached skill level 17 in Invocations
 63426 | Depths:3 | Killed Lech's ghost
 63432 | Depths:3 | Identified the +2 cloak "Ihosulel" {Str+2 Int+3}
 63451 | Depths:3 | Identified the +1 robe of Dithmenos's Anger {rN+ Int+4}
 63538 | Depths:4 | Entered Level 4 of the Depths
 63595 | Depths:4 | Identified the +4 robe of Jigsaw {rPois}
 63595 | Depths:4 | Noticed Boris
 63609 | Depths:4 | Killed Boris
 63722 | Depths:4 | Reached skill level 13 in Shields
 63854 | Depths:4 | Found a gate to the Realm of Zot.
 64041 | Depths:4 | Found Mouhem's Antique Weapon Shoppe.
 64232 | Depths:4 | Found Rabib's Armour Emporium.
 64246 | Depths:4 | Identified the scarf of the Threshing Gods {harm, Regen+}
 64762 | Crypt:1  | Entered Level 1 of the Crypt
 65083 | Crypt:1  | Reached skill level 18 in Fighting
 65613 | Crypt:2  | Identified the +6 mace of a Labyrinth {heavy, Stlth+}
 65629 | Crypt:2  | Noticed a dread lich
 65650 | Crypt:2  | Killed a dread lich
 65747 | Crypt:2  | Reached skill level 18 in Invocations
 66233 | Crypt:2  | Got Odeaqa's Useful Witchery
 66428 | Crypt:2  | Identified the +7 war axe "Yhaekh" {freeze, *Rage rPois
                  | rCorr Dex+5}
 66623 | Crypt:3  | Entered Level 3 of the Crypt
 67104 | Crypt:3  | Reached skill level 19 in Invocations
 67163 | Crypt:3  | Identified the ring "Cuarph" {rN+ Int+3 Stlth+}
 67186 | Crypt:3  | Identified the ring of Nesaorau {rN+ rCorr Dex+2}
 67227 | Crypt:3  | Identified the ring of Geutsuuh {rF+ rN+} (You took it off
                  | a hell knight on level 3 of the Crypt)
 67300 | Crypt:3  | Noticed an ancient lich
 67308 | Crypt:3  | Killed an ancient lich
 67430 | Crypt:3  | Found a staircase to the Tomb.
 67552 | Crypt:3  | Identified the staff of Ragnarok {rElec rC+ Will- SInv
                  | Stlth+ Ice}
 67965 | Crypt:3  | Identified the +6 short sword "Teseav" {holy, *Noise rF-
                  | Int+9 Dex+2}
 68524 | Vaults:5 | Entered Level 5 of the Vaults
 68548 | Vaults:5 | Reached XP level 24. HP: 118/197 MP: 20/37
 68557 | Vaults:5 | Reached skill level 20 in Dodging
 68564 | Vaults:5 | Reached skill level 20 in Invocations
 69021 | Vaults:5 | Noticed a dread lich
 69034 | Vaults:5 | Killed a dread lich
 69238 | Vaults:5 | Noticed Mennas
 69306 | Vaults:5 | Killed Mennas
 69401 | Vaults:5 | Noticed a dread lich
 69418 | Vaults:5 | Killed a dread lich
 69520 | Vaults:5 | Identified the +6 morningstar "Daqosh" {freeze, Str-5
                  | Dex+7}
 69531 | Vaults:5 | Reached skill level 19 in Fighting
 69603 | Vaults:5 | Identified the +1 trident "Gape" {antimagic, Dex+4}
 69790 | Vaults:5 | Got a silver rune of Zot
 69793 | Vaults:5 | Identified the staff of the Brain {*Slow rElec rF+ rN++
                  | rCorr Fire}
 70087 | Vaults:5 | Noticed an ancient lich
 70095 | Vaults:5 | Killed an ancient lich
 70096 | Vaults:5 | Reached skill level 21 in Invocations
 70167 | Vaults:5 | Noticed an ancient lich
 70176 | Vaults:5 | Killed an ancient lich
 70265 | Vaults:5 | Identified the ring "Niwishriki" {rF+ Will++ Dex-3 Slay+5}
 70392 | Vaults:5 | Identified the +1 morningstar "Newtslayer" {speed, ^Fragile
                  | Fly rCorr Dex+3}
 70408 | Vaults:5 | Got the Parchment of Lost Orientation
 70409 | Vaults:5 | Identified the +10 triple crossbow of Anger {heavy, Int+2}
 70895 | Zot:1    | Entered Level 1 of the Realm of Zot
 72720 | Zot:3    | Found the +4 dragonskin cloak
 72720 | Zot:3    | Noticed Tiamat
 72746 | Zot:3    | Killed Tiamat
 72747 | Zot:3    | Reached skill level 20 in Fighting
 72747 | Zot:3    | Reached XP level 25. HP: 168/168 MP: 13/37
 73420 | Zot:4    | Reached skill level 22 in Invocations
 74185 | Zot:5    | Entered Level 5 of the Realm of Zot
 76287 | Zot:5    | Killed a Killer Klown
 76462 | Zot:5    | Noticed a Killer Klown
 76489 | Zot:5    | Killed a Killer Klown
 76934 | Zot:5    | Noticed a Killer Klown
 76942 | Zot:5    | Noticed an orb of fire
 76960 | Zot:5    | Killed a Killer Klown
 76964 | Zot:5    | Killed an orb of fire
 76965 | Zot:5    | Reached skill level 11 in Spellcasting
 77698 | Zot:5    | Noticed an orb of fire
 77699 | Zot:5    | Gained mutation: Your health recovers twice as slowly from
                  | being drained. [an orb of fire]
 77703 | Zot:5    | Gained mutation: Your body sometimes deteriorates upon
                  | taking damage. [an orb of fire]
 77707 | Zot:5    | Noticed a Killer Klown
 77712 | Zot:5    | Killed an orb of fire
 77717 | Zot:5    | Killed a Killer Klown
 77718 | Zot:5    | Noticed an orb of fire
 77720 | Zot:5    | Noticed a dread lich
 77727 | Zot:5    | Killed an orb of fire
 77729 | Zot:5    | Noticed a dread lich
 77732 | Zot:5    | Killed a dread lich
 77741 | Zot:5    | Killed a dread lich
 77742 | Zot:5    | Reached skill level 21 in Dodging
 77759 | Zot:5    | Noticed a Killer Klown
 77759 | Zot:5    | Noticed a Killer Klown
 77770 | Zot:5    | Noticed an ancient lich
 77776 | Zot:5    | Killed an ancient lich
 77781 | Zot:5    | Killed a Killer Klown
 77791 | Zot:5    | Killed a Killer Klown
 78004 | Zot:5    | Reached skill level 12 in Spellcasting
 78044 | Zot:5    | Reached skill level 21 in Fighting
 78117 | Zot:5    | Noticed an orb of fire
 78129 | Zot:5    | Killed an orb of fire
 78202 | Zot:5    | Got the Orb of Zot
 78205 | Zot:5    | Noticed a dread lich
 78256 | Zot:3    | Reached XP level 26. HP: 169/177 MP: 37/39
 78442 | D:14     | Noticed Diocydwiram the pandemonium lord
 78464 | D:12     | Noticed Qitycsyff the pandemonium lord
 78532 | D:9      | Noticed Qab Sobb the pandemonium lord
 78702 | D:$      | Escaped with the Orb!

Illustrated notes

Levels and vault maps discovered:
D:1:      matt_arrival_grand_opening, layout_loops_ring, st_stairs_3,
          chequers_serial_rivers_marsh
D:2:      layout_loops_ring, serial_aquarium, aquarium_bridge_long_separate
          [aquarium_subvault_bridge, aquarium_subvault_window,
          aquarium_subvault_wall, aquarium_subvault_bridge,
          aquarium_subvault_window, aquarium_subvault_wall],
          aquarium_window_corridor_1, aquarium_window_double,
          aquarium_window_corner, aquarium_view_2f, aquarium_balcony_1b,
          aquarium_pool_corner, uniq_crazy_yiuf_cottage
D:3:      layout_basic, nicolae_ru_the_path_less_chosen, serial_shops,
          shop_fountains, ebering_ecumenical_altar_hall,
          nicolae_shop_unique_rings
D:4:      layout_gridville, minmay_close_crescents
D:5:      layout_basic, minivault_27
D:6:      layout_cave_pools, minmay_temple_entry_glass
D:7:      layout_rooms, serial_shops, shop, gammafunk_ghost_cemetery
D:8:      layout_basic, grunt_lair_entry_orc_guard_hut, uniq_grum
D:9:      kennysheep_seaside_town, layout_rooms, nicolae_vehumet_altar_sigil,
          lemuel_coloured_pillars_altar, erik_orc_1, serial_shops,
          nicolae_shop_bloodbath_and_beyond
D:10:     layout_loops_corners, nicolae_shop_self_help
D:11:     hangedman_cross_cluster, layout_long_grid, serial_co_window_serial,
          co_window_paths_a, co_window_paths_a, co_window_of_opportunity_a,
          co_window_paths_a, co_window_paths_a, co_window_broadway_b,
          co_window_corner_cb, co_window_of_opportunity_b, co_window_2corner,
          co_window_paths_e, glass_columns_c
D:12:     cheibrodos_frozen_isle, layout_rooms, minivault_1, uniq_maurice
D:13:     layout_cave_pools, minmay_misc_feat_secret_circle,
          minmay_variable_closet
D:14:     layout_roguey, lightli_vaults_fourway_checkpoint, minivault_23,
          serial_shops, shop, minmay_holes, uniq_josephine, uniq_frances
D:15:     gammafunk_depths_entry_grave, layout_irregular_city,
          roderic_serpentine_path, uniq_nessos
Temple:   compressed_dpeg_triangle_lava_temple
Lair:1:   minmay_lair_venomous_thicket, layout_regular_city, uniq_fannar,
          uniq_maggie
Lair:2:   layout_cave_pods, infiniplex_staircase_pool_2
Lair:3:   layout_roguey, shoals_dummy_entry, nicolae_snake_entry_squirm
Lair:4:   layout_small_grid, slime_entry_2, st_stairs_12, serial_bayou_pond_b
Lair:5:   due_jungle_book, layout_gridlike, fungi_pond_lemuel,
          minmay_lair_oklob_bushes, grunt_forest_small_clearing_treed
Shoals:1: layout_shoals, portal_ice_cave_entry_ice_simulacra
Shoals:2: layout_shoals, ebering_ghost_reflecting_pool, nicolae_shoals_songs
Shoals:3: layout_shoals, serial_shops, nicolae_shop_real_fake_doors,
          serial_nicolae_subway, nicolae_sub_station_crystal,
          nicolae_sub_station_metal, nicolae_sub_station_stone, uniq_mara,
          uniq_ilsuiw
Shoals:4: shoals_end_hangedman, layout_shoals, ebering_ghost_davey_jones
Snake:1:  layout_grid_maze, serial_shops, shop
Snake:2:  layout_honeycomb, hellmonk_ghost_happy_afterlife, uniq_mlioglotl
Snake:3:  layout_grid_shapes, serial_shops, shop, nicolae_stop_n_shop_2,
          nicolae_shop_statue_plus, basic_altar, uniq_aizul
Snake:4:  snake_pit_salamanders_mu, layout_misc_corridors, basic_altar,
          nicolae_shop_i_like_big_books
Orc:1:    nicolae_orc_accident_1, layout_diamond_mine, uniq_harold
Orc:2:    hellmonk_orc_salted, layout_caves, uniq_erolcha, uniq_snorg,
          uniq_saint_roka
Elf:1:    nicolae_elf_arrival_fired_up, layout_gridlike,
          hangedman_elf_disciples, elves_outpost_lemuel, grunt_megastairs_3,
          uniq_jorgrun
Elf:2:    elven_hall_of_blades_hangedman_alternative [nicolae_blade_lattice],
          layout_geoelf_grid, uniq_louise
Elf:3:    minmay_elf_hall_four_x, layout_loops_corners, basic_altar,
          minivault_23, minmay_misc_feat_rows
Vaults:1: lemuel_ogre_cave, nicolae_vaults_door_testing_chamber,
          nicolae_vaults_cornered_office, ontoclasm_vaults_misaligned,
          vaults_mumra_minichess_inversion, nicolae_vaults_closet_pinwheel_6,
          nicolae_vaults_rhombus_6, vaults_dpeg_emergency_exit,
          ontoclasm_vaults_ring_small, nicolae_vaults_circle_grid_a,
          nicolae_vaults_network_s, serial_ice_h, vaults_room_pool,
          hangedman_vaults_snaps, layout_vaults_omnibox
Vaults:2: nicolae_vaults_specimen_jars, minmay_crypt_entry_necro_gods,
          nicolae_vaults_big_ls, v_pattern_2,
          nicolae_vaults_offset_grid_hallway_3, nicolae_vaults_little_squares_6,
          ontoclasm_vaults_pinch, nicolae_vaults_offset_grid_hallway_3,
          layout_vaults_omnigrid, serial_shops, shop
Vaults:3: vaults_room_semicircle, vaults_standard_mumra_lines,
          hangedman_vaults_slice, nicolae_vaults_stand_back,
          nicolae_vaults_storage_closets_3, nicolae_vaults_layer_cake_slice,
          hangedman_vaults_stitches, nicolae_vaults_network_square,
          nicolae_vaults_oval_intersection, vaults_room_ringed_pool,
          nicolae_vaults_sightless_eye, nicolae_vaults_circle_grid_b,
          nicolae_vaults_tetromino_T_2, layout_vaults_ring, serial_shops, shop,
          uniq_frederick, uniq_sojobo
Vaults:4: ontoclasm_vaults_eye, st_hourglassy, v_alt_pattern_2,
          nicolae_vaults_diagonal_hallway_8, nicolae_vaults_tetromino_L_1,
          grunt_vaults_funnel, grunt_vaults_swirl, v_rooms_5, v_alt_pattern_4,
          grunt_vaults_focal, nicolae_vaults_variable_pillar_hall,
          nicolae_vaults_two_Ls, nicolae_vaults_diagonal_hallway_7,
          nicolae_vaults_diamond_2, nicolae_vaults_taking_the_gang_shopping,
          layout_vaults_omnicross
Vaults:5: uniq_mennas
Crypt:1:  layout_chaotic_city, grunt_crypt_arrival_webbed
Crypt:2:  layout_chaotic_city, grunt_megastairs_5
Crypt:3:  quadcrypt_mu
Depths:1: layout_cave_pools, nicolae_twisty_statue_hallways, serial_shops,
          nicolae_shop_gibbet_a_chance, hangedman_tar_grid_catacomb,
          minmay_evil_grid, uniq_boris, uniq_bai_suzhen
Depths:2: hangedman_screamer, layout_gridlike, hell_entry, pan_entry, tso_altar,
          minmay_shop_grove, serial_bayou_shore_b, uniq_vv
Depths:3: nzn_winding_woodlands_stair_cross [nzn_winding_woodlands_5x15_crooked,
          nzn_winding_woodlands_center_triple_pond,
          nzn_winding_woodlands_5x15_lazy_stream,
          nzn_winding_woodlands_5x5_default, nzn_winding_woodlands_5x5_default,
          nzn_winding_woodlands_5x15_parted,
          nzn_winding_woodlands_center_pierced_h,
          nzn_winding_woodlands_5x15_pockets], layout_long_grid,
          enter_ziggurat_e, gammafunk_ghost_cemetery, minmay_misc_feat_columns,
          hell_entry, abyss_entry
Depths:4: evilmike_zot_entry_argh, layout_cave_shapes, hell_entry,
          grunt_pan_entry_spiral, nicolae_water_bricks, serial_shops,
          nicolae_shop_tiny_real_fake_doors, nicolae_shop_peninsula
Zot:1:    layout_onion_interference
Zot:2:    layout_gridlike, hellmonk_ghost_big_iron, regret_index_zotdec_tunneler
Zot:3:    layout_onion, regret_index_zotdec_silver_v_v_orig_slice, uniq_tiamat
Zot:4:    layout_concentric_octagons
Zot:5:    layout_twisted_circle, nicolae_tricolors

Skill      XL: |  1  2  3  4  5  6  7  8  9 10 11 12 13 14 15 16 17 18 19 20 21 22 23 24 25 |
---------------+----------------------------------------------------------------------------+-----
Stealth        | 4 5 6 7 |  7.4
Spellcasting   | 3 4 5 7 8 10 12 | 12.4
Ice Magic      | 5 6 8 |  8.0
Summonings     | 1 2 4 |  4.0
Fighting       | 1 2 3 5 7 8 9 10 11 12 13 14 15 16 17 18 20 21 | 21.1
Evocations     | 3 |  3.0
Dodging        | 6 7 8 10 13 14 15 17 18 19 20 21 | 21.5
Invocations    | 2 6 9 11 14 15 16 19 21 22 | 22.1
Short Blades   | 2 8 11 14 | 14.0
Armour         | 3 4 6 7 9 |  9.1
Air Magic      | 1 5 8 |  8.0
Conjurations   | 1 3 4 |  4.0
Hexes          | 6 10 18 19 21 22 | 22.0
Shields        | 7 9 10 11 12 13 | 13.0

Action                     |  1- 3 |  4- 6 |  7- 9 | 10-12 | 13-15 | 16-18 | 19-21 | 22-24 | 25-27 || total
---------------------------+-------+-------+-------+-------+-------+-------+-------+-------+-------++-------
  Melee: Dagger            |     1 |     8 |    35 |    59 |       |       |       |       |       ||   103
         Bite              |       |     1 |     6 |    47 |   137 |   155 |   214 |   315 |    85 ||   960
         Rapier            |       |       |       |   254 |   774 |   861 |  1058 |  1327 |   398 ||  4672
         Unarmed           |       |       |       |       |       |       |     1 |       |       ||     1
   Cast: Freeze            |    34 |    83 |    83 |    30 |       |       |       |       |       ||   230
         Frozen Ramparts   |     1 |     9 |    36 |    62 |    42 |       |       |       |       ||   150
         Ozocubu's Armour  |       |     4 |    17 |    41 |    47 |    42 |     2 |     2 |     1 ||   156
         Summon Ice Beast  |       |       |    11 |    13 |    16 |       |       |       |       ||    40
         Freezing Cloud    |       |       |       |       |    67 |   116 |     3 |       |       ||   186
         Confusing Touch   |       |       |       |       |     4 |     4 |     2 |     1 |     2 ||    13
         Airstrike         |       |       |       |       |       |   121 |       |       |       ||   121
         Silence           |       |       |       |       |       |     7 |    24 |    13 |       ||    44
         Enfeeble          |       |       |       |       |       |       |    56 |    67 |    49 ||   172
         Discord           |       |       |       |       |       |       |    38 |    64 |    12 ||   114
         Yara's Violent Un |       |       |       |       |       |       |    12 |     9 |     2 ||    23
 Invoke: Upheaval          |       |       |       |     7 |    24 |    17 |     1 |    12 |       ||    61
         Elemental Force   |       |       |       |     1 |     6 |     6 |     1 |     3 |     1 ||    18
Ability: Exsanguinate      |       |       |       |       |       |       |       |     2 |       ||     2
         Revivify          |       |       |       |       |       |       |       |     1 |       ||     1
  Evoke: Wand              |       |       |     1 |     4 |     5 |     2 |       |    19 |       ||    31
         Sack of spiders   |       |       |       |       |       |       |       |     1 |       ||     1
    Use: Scroll            |     1 |    11 |     5 |     3 |     9 |     8 |     6 |     8 |     3 ||    54
         Potion            |     1 |       |       |       |     7 |       |       |     6 |     5 ||    19
   Stab: Sleeping          |     1 |     2 |     4 |       |       |       |       |       |       ||     7
         Distracted        |       |       |     1 |     1 |     1 |     1 |     3 |     2 |       ||     9
         Paralysed         |       |       |       |       |     5 |     3 |     1 |     3 |     2 ||    14
         Invisible         |       |       |       |       |     2 |       |    35 |    46 |    27 ||   110
         Confused          |       |       |       |       |     2 |     4 |       |     1 |     1 ||     8
 Armour: Robe              |     7 |    28 |    56 |       |       |       |    13 |   173 |    96 ||   373
         Steam dragon scal |       |       |    38 |   205 |   307 |   297 |   209 |       |       ||  1056
         Acid dragon scale |       |       |       |       |     1 |       |       |       |       ||     1
  Dodge: Dodged            |    13 |    46 |   100 |   267 |   456 |   673 |   415 |   576 |   239 ||  2785
         Repelled          |       |       |       |       |     7 |    28 |     8 |    16 |     6 ||    65
  Block: Other             |       |       |       |    46 |   128 |   225 |       |       |       ||   399
         Buckler           |       |       |       |       |       |     4 |   462 |   580 |   183 ||  1229

Table legend: (Time is in decaauts)
 A = Elapsed time spent in this place.
 B = Non-inter-level travel time spent in this place.
 C = Inter-level travel time spent in this place.
 D = Time resting spent in this place.
 E = Time spent auto-exploring this place.
 F = Levels seen in this place.
 G = Mean time per level.
                   A        B        C        D        E       F      G
               +--------+--------+--------+--------+--------+-----+--------+
         Total |  77202 |  70783 |   6419 |  15467 |  42076 |  52 | 1484.7 |
       Dungeon |  21135 |  18134 |   3001 |   2014 |  12691 |  15 | 1409.0 |
        Temple |     45 |     39 |      6 |     30 |      0 |   1 |   45.0 |
          Lair |   7583 |   6664 |    919 |    576 |   4739 |   5 | 1516.6 |
        Shoals |   6311 |   5962 |    349 |   1445 |   3389 |   4 | 1577.8 |
     Snake Pit |   6882 |   6477 |    405 |   1424 |   4002 |   4 | 1720.5 |
  Orcish Mines |   2367 |   2186 |    181 |    521 |   1222 |   2 | 1183.5 |
   Elven Halls |   6224 |   6041 |    183 |   3076 |   1967 |   3 | 2074.7 |
        Vaults |   9325 |   8548 |    777 |    514 |   6310 |   5 | 1865.0 |
         Crypt |   3430 |   3286 |    144 |    284 |   2323 |   3 | 1143.3 |
        Depths |   5651 |   5360 |    291 |    491 |   3602 |   4 | 1412.8 |
           Zot |   7024 |   6864 |    160 |   4552 |   1437 |   5 | 1404.8 |
      Ice Cave |   1220 |   1220 |      0 |    538 |    390 |   1 | 1220.0 |
               +--------+--------+--------+--------+--------+-----+--------+

Top non-repeatable levels by time:
   Elf:3: 4397 daAuts
   Zot:5: 3905 daAuts
  Lair:5: 2390 daAuts
    D:11: 2263 daAuts
 Snake:4: 2066 daAuts
Vaults:5: 1985 daAuts
Vaults:1: 1948 daAuts
     D:9: 1946 daAuts
Vaults:3: 1922 daAuts
    D:15: 1916 daAuts
     D:8: 1896 daAuts
 Snake:3: 1889 daAuts
Shoals:3: 1860 daAuts
Shoals:2: 1856 daAuts
 Snake:1: 1851 daAuts

Table legend:
 A = Kills in this place as a percentage of kills in the entire game.
 B = Kills by you in this place as a percentage of kills by you in the entire game.
 C = Kills by friends in this place as a percentage of kills by friends in the entire game.
 D = Other kills in this place as a percentage of other kills in the entire game.
 E = Experience gained in this place as a percentage of experience gained in the entire game.
 F = Experience gained in this place divided by the number of levels of this place that you have seen.
                   A       B       C       D       E      F
               +-------+-------+-------+-------+-------+----------------------
         Total | 100.0 | 100.0 | 100.0 | 100.0 | 100.0 | 25407.5
       Dungeon |  19.4 |  22.1 |   3.5 |   2.0 |   6.7 | 5902.7
          Lair |   9.0 |  10.1 |   2.8 |   0.0 |   4.5 | 11873.8
        Shoals |   7.6 |   8.6 |   2.0 |   0.0 |   6.9 | 22904.0
     Snake Pit |   7.8 |   9.0 |   0.8 |   0.0 |   7.1 | 23472.0
  Orcish Mines |   4.3 |   4.6 |   2.8 |   0.0 |   1.7 | 11533.0
   Elven Halls |   7.3 |   8.3 |   0.0 |   6.0 |   8.7 | 38262.3
        Vaults |  17.9 |  12.4 |  49.6 |  58.0 |  22.9 | 60569.4
         Crypt |   6.8 |   6.6 |   8.3 |   6.0 |   7.4 | 32649.0
        Depths |  10.8 |   9.6 |  19.7 |  10.0 |  15.9 | 52391.2
           Zot |   6.8 |   5.9 |  10.6 |  18.0 |  16.1 | 42663.6
      Ice Cave |   2.4 |   2.8 |   0.0 |   0.0 |   2.0 | 26245.0
               +-------+-------+-------+-------+-------+----------------------
